 Dungeon Crawl Stone Soup version 0.27-a0-1149-g4505690ab0 (webtiles) character file.

Game seed: 15476028114796055391

27211 st0uf the Cruncher (level 13, -1/82 HPs)
             Began as a Gargoyle Gladiator on May 12, 2021.
             Was the Champion of Okawaru.
             Killed from afar by an oklob plant (13 damage)
             ... with a splash of acid
             ... on level 1 of the Lair of Beasts.
             The game lasted 01:23:34 (13621 turns).

st0uf the Cruncher (Gargoyle Gladiator)            Turns: 13621, Time: 01:23:35

Health: -1/82      AC: 18    Str: 20    XL:     13   Next: 31%
Magic:  20/20      EV: 12    Int: 18    God:    Okawaru [******]
Gold:   951        SH:  0    Dex: 11    Spells: 10/22 levels left

rFire    + . .     SeeInvis +   X - +1 quarterstaff (speed)
rCold    . . .     Faith    .   (shield currently unavailable)
rNeg     + . .     Spirit   .   Q - +0 troll leather armour
rPois    ∞         Reflect  .   W - +0 helmet {SInv}
rElec    +         Harm     .   L - +1 cloak {Will+}
rCorr    .         Rampage  .   y - +0 pair of gloves
Will     +....                  t - +1 pair of boots {Fly}
Stlth    ++........             m - amulet of regeneration
HPRegen  2.23/turn              n - ring of protection from fire
MPRegen  0.17/turn              z - +6 ring of intelligence

@: corroded, flying
A: sickness immunity, AC +9, negative energy resistance 1, electricity
resistance, torment resistance 1, petrification resistance
a: Renounce Religion, Heroism, Finesse


You were on level 1 of the Lair of Beasts.
You worshipped Okawaru.
Okawaru was exalted by your worship.
You visited 3 branches of the dungeon, and saw 15 of its levels.

You collected 1032 gold pieces.
You spent 81 gold pieces at shops.

Inventory:

Hand Weapons
 o - a +5 dire flail of holy wrath
 N - the +2 trident of Action {flame, rF+}
   (You found it on level 10 of the Dungeon)

   It has been specially enchanted to burn those struck by it, causing extra
   injury to most foes and up to half again as much damage against particularly
   susceptible opponents.
   It protects you from fire.
 X - a +1 quarterstaff of speed (weapon)
Missiles
 d - 3 throwing nets
 e - 473 stones
 f - 55 poisoned darts
 g - 13 javelins
 p - 8 boomerangs (quivered)
 P - 11 silver javelins
 T - 8 atropa-tipped darts
Armour
 b - +0 fire dragon scales
 l - a +4 ring mail
 t - a +1 pair of boots of flying (worn)
 y - a +0 pair of gloves (worn)
 L - a +1 cloak of willpower (worn)
 Q - a +0 troll leather armour (worn)
 W - a +0 helmet of see invisible (worn)
Magical Staves
 U - a staff of fire
Jewellery
 a - a ring of positive energy
 m - an amulet of regeneration (around neck)
 n - a ring of protection from fire (left hand)
 z - a +6 ring of intelligence (right hand)
 S - a ring of see invisible
Wands
 s - a wand of flame (51)
 E - a wand of mindburst (11)
 K - a wand of paralysis (6)
 M - a wand of acid (6)
Scrolls
 i - 2 scrolls of summoning {unknown}
 j - 11 scrolls of teleportation
 q - a scroll of enchant weapon {unknown}
 u - 2 scrolls of brand weapon {unknown}
 w - 2 scrolls of immolation {unknown}
 B - a scroll of holy word {unknown}
 C - 2 scrolls of fog {unknown}
 D - 6 scrolls of amnesia
 O - 2 scrolls of blinking {unknown}
 R - 7 scrolls of identify
 V - a scroll of vulnerability {unknown}
 Y - a scroll of acquirement {unknown}
Potions
 c - 2 potions of lignification {unknown}
 h - 3 potions of curing
 k - 2 potions of haste {unknown}
 r - a potion of magic {unknown}
 x - 5 potions of might
 A - 5 potions of heal wounds
 F - 4 potions of brilliance
 G - a potion of cancellation {unknown}
 H - a potion of flight {unknown}
 J - a potion of attraction {unknown}
Miscellaneous
 Z - a condenser vane


   Skills:
 + Level 10.0 Fighting
 + Level 14.0 Staves
 + Level 6.1 Throwing
 + Level 7.9 Armour
 - Level 2.4 Dodging
 + Level 4.4 Stealth
 * Level 5.0 Spellcasting
 * Level 3.5 Transmutations
 * Level 5.7 Earth Magic
 + Level 6.2 Invocations
 + Level 1.0 Evocations


You had 10 spell levels left.
You knew the following spells:

 Your Spells              Type           Power      Damage    Failure   Level
a - Sandblast             Erth           50%        2d12      1%          1
b - Petrify               Tmut/Erth      21%        N/A       22%         4
c - Passwall              Tmut/Erth      17%        N/A       3%          2
d - Lee's Rapid Deconstr  Erth           12%        3d10*     38%         5

Your spell library contained the following spells:

 Spells                   Type           Power      Damage    Failure   Level
 Beastly Appendage        Tmut           34%        N/A       3%          1
 Wereblood                Tmut           17%        N/A       5%          2
 Stone Arrow              Conj/Erth      28%        3d8       14%         3
 Apportation              Tloc           8%         N/A       16%         1
 Corona                   Hex            4%         N/A       16%         1
 Freeze                   Ice            16%        1d4       16%         1
 Shock                    Conj/Air       16%        1d4       16%         1
 Static Discharge         Conj/Air       4%         N/A       22%         2
 Spider Form              Tmut/Pois      5%         N/A       22%         3
 Frozen Ramparts          Ice            8%         1d2       41%         3
 Ozocubu's Armour         Ice            4%         N/A       41%         3
 Swiftness                Air            4%         N/A       41%         3
 Ice Form                 Ice/Tmut       10%        N/A       58%         4
 Hydra Form               Tmut           8%         N/A       67%         5
 Airstrike                Air            2%         N/A       83%         4
 Hailstorm                Conj/Ice       4%         3d4       83%         4
 Yara's Violent Unravell  Hex/Tmut       5%         3d4       90%         5
 Lightning Bolt           Conj/Air       2%         1d13      99%         5
 Metabolic Englaciation   Hex/Ice        2%         N/A       99%         5
 Summon Forest            Summ/Tloc      2%         N/A       99%         5
 Malign Gateway           Summ/Tloc      2%         N/A       100%        7


Dungeon Overview and Level Annotations

Branches:
Dungeon (10/15)            Temple (1/1) D:5            Lair (4/6) D:8
  Swamp (0/4) Lair:2        Snake (0/4) Lair:2          Orc (0/2) D:9

Altars:
Ashenzari
Cheibriados
Dithmenos
Elyvilon
Fedhas
Gozag
Kikubaaqudgha
Makhleb
Okawaru
Qazlal
Ru
Sif Muna
Trog
Uskayaw
Vehumet
Wu Jian
Xom
Yredelemnul
Zin
The Shining One

Shops:
D:2 (   D:5 *

Annotations:
D:4 Sigmund
D:8 exclusion: two-headed ogre
D:9 2 runed translucent doors
Lair:1 exclusion: oklob plant
Lair:2 1 runed translucent door, Vude's ghost, journeyman HOMo
Lair:4 exclusion: hydra


Innate Abilities, Weirdness & Mutations

You are immune to sickness and miasma.
Your stone body is resilient. (AC +9)
You are immune to poison.
You resist negative energy. (rN+)
You are resistant to electric shocks. (rElec)
You are resistant to unholy torment.
You are immune to petrification.


Message History

You start resting.
Magic restored.
You start resting.
You are no longer corroded.
You start resting.
HP restored.
Really fly into a travel-excluded area?
You see here 7 gold pieces.
You hit the oklob plant.
The oklob plant is lightly damaged.
You hit the oklob plant.
The oklob plant is lightly damaged.
The oklob plant spits acid at you. The splash of acid hits you!
You are splashed with acid!
You hit the oklob plant.
The oklob plant is lightly damaged.
You hit the oklob plant.
The oklob plant is moderately damaged.
The oklob plant spits acid at you. The splash of acid hits you.
You are splashed with acid!
You hit the oklob plant.
The oklob plant is moderately damaged.
You sock the oklob plant!
The oklob plant is heavily damaged.
You hit the oklob plant.
The oklob plant is heavily damaged.
The oklob plant spits acid at you. The splash of acid hits you!
The acid corrodes you!
You are splashed with acid!
You sock the oklob plant!
The oklob plant is severely damaged.
You hit the oklob plant but do no damage.
The oklob plant is severely damaged.
The oklob plant spits acid at you. The splash of acid hits you!
* * * LOW HITPOINT WARNING * * *
You are splashed with acid!
* * * LOW HITPOINT WARNING * * *
The oklob plant spits acid at you. The splash of acid hits you!
You die...

#####....# ♣..#..#### ##.......
.##.#....####♣.♣♣♣♣♣#.###....####
............♣♣♣..♣.♣♣........# #
............♣♣♣♣♣.♣.♣........#
.#.#########♣♣.♣.♣.♣♣....##..#
#### ♣.♣.♣♣♣♣♣...###..# ### ♣♣.♣♣
♣♣♣....##..##
#######.####♣♣♣.♣♣P♣♣...###...#
............♣ ♣.@$$♣♣.........#
............♣ ♣♣$_.♣♣.........#
........=...♣ ♣$$.♣♣♣...##...####
.≈≈≈..#.#...♣ ♣♣♣♣♣ ♣...##.......
≈≈≈≈≈≈.##...# ♣♣♣♣♣♣#...#........
≈≈≈≈≈≈.##...# #...♣#....##.......
≈≈≈≈≈≈≈##...###...###...##...####
≈≈≈≈≈≈.##...##....# #...##...#
≈..≈≈.##.....##...###...##...#


You could see an oklob plant.

Vanquished Creatures
  A catoblepas (Lair:4)
  3 hydras
  2 two-headed ogres
  Nergalle (Lair:4)
  Pikel (D:4)
  An oklob plant (Lair:1)
  A black mamba (Lair:4)
  Maurice (D:8)
  7 cane toads
  A torpor snail (Lair:3)
  A rime drake (Lair:3)
  2 komodo dragons (Lair:3)
  2 trolls (D:10)
  14 blink frogs
  40 yaks
  7 wyverns
  2 basilisks
  A wraith (D:9)
  Edmund (D:6)
  2 nagas
  10 water moccasins
  2 ice beasts
  6 orc warriors
  3 black bears
  An ogre (D:5)
  2 necrophages
  3 centaurs
  17 wolves
  A phantom (D:6)
  2 lemures (D:4)
  10 bullfrogs
  A gnoll sergeant (D:8)
  2 scorpions
  A water moccasin zombie (D:6)
  A water moccasin skeleton (D:5)
  13 killer bees
  8 wights
  6 electric eels
  3 centaur zombies
  8 howler monkeys
  2 bullfrog zombies
  A hound (D:6)
  5 orc priests
  Crazy Yiuf (D:7)
  A bullfrog skeleton (D:5)
  A centaur skeleton (D:5)
  Jessica (D:3)
  A gnoll shaman (D:6)
  5 iguanas
  6 orc wizards
  6 hell rats (Lair:1)
  A hound skeleton (D:4)
  6 gnolls
  6 adders
  3 river rats (Lair:1)
  A white imp (D:7)
  2 worms (D:2)
  3 dart slugs
  24 orcs
  4 endoplasms
  2 giant cockroaches
  12 goblins
  3 hobgoblins
  8 jackals
  3 quokkas
  8 ball pythons
  10 bats
  4 frilled lizards
  7 kobolds
  10 rats
338 creatures vanquished.

Vanquished Creatures (others)
  10 fungi
  12 plants
22 creatures vanquished.

Grand Total: 360 creatures vanquished

Notes
Turn   | Place    | Note
-------+----------+-------------------------------------------
     0 | D:1      | st0uf the Gargoyle Gladiator began the quest for the Orb.
     0 | D:1      | Reached XP level 1. HP: 12/12 MP: 1/1
   136 | D:1      | Reached XP level 2. HP: 12/17 MP: 2/2
   413 | D:1      | Found a faded altar of an unknown god.
   580 | D:1      | Reached XP level 3. HP: 22/22 MP: 3/3
   651 | D:1      | Reached skill level 4 in Staves
   921 | D:2      | Found Rutrisso's Antique Weapon Emporium.
  1037 | D:2      | Reached skill level 1 in Armour
  1037 | D:2      | Reached XP level 4. HP: 26/27 MP: 4/4
  1262 | D:3      | Found a broken altar of Ashenzari.
  1421 | D:3      | Found a transporter.
  1424 | D:3      | You fall into a shaft and drop 3 floors!
  1637 | D:6      | Noticed a centaur
  1646 | D:6      | Killed a centaur
  1647 | D:6      | Reached skill level 5 in Staves
  1647 | D:6      | Reached XP level 5. HP: 28/32 MP: 5/5
  1657 | D:6      | Noticed an ice beast
  1670 | D:6      | Killed an ice beast
  1671 | D:6      | Reached XP level 6. HP: 35/37 MP: 6/6
  1737 | D:6      | Found a shimmering altar of Xom.
  1738 | D:6      | Found a glowing golden altar of the Shining One.
  1752 | D:5      | Entered Level 5 of the Dungeon
  1752 | D:5      | Noticed Edmund
  1823 | D:6      | Reached skill level 6 in Staves
  1847 | D:6      | Noticed an orc warrior
  1920 | D:6      | Killed an orc warrior
  1921 | D:6      | Reached XP level 7. HP: 23/41 MP: 7/7
  2030 | D:6      | Killed Edmund
  2031 | D:6      | Reached skill level 1 in Stealth
  2147 | D:5      | Reached skill level 7 in Staves
  2196 | D:5      | Reached XP level 8. HP: 25/48 MP: 8/8
  2582 | D:3      | Noticed Jessica
  2586 | D:3      | Killed Jessica
  2701 | D:3      | Found a transporter.
  2742 | D:3      | Reached skill level 8 in Staves
  3162 | D:4      | Noticed Sigmund
  3257 | D:4      | Noticed Pikel
  3284 | D:4      | Killed Pikel
  3285 | D:4      | Reached skill level 5 in Armour
  3285 | D:4      | Reached XP level 9. HP: 47/53 MP: 9/9
  3561 | D:5      | Reached skill level 5 in Fighting
  3561 | D:5      | Reached skill level 9 in Staves
  3561 | D:5      | Reached skill level 1 in Evocations
  3704 | D:5      | Found Xomupyas's Assorted Antiques.
  3712 | D:5      | Found a staircase to the Ecumenical Temple.
  3713 | D:5      | Bought a silvery potion for 18 gold pieces
  3713 | D:5      | Bought a scroll labelled KEQETIYRAIX for 21 gold pieces
  3713 | D:5      | Bought a scroll labelled MEON JOBRIGASE for 21 gold pieces
  3713 | D:5      | Bought a scroll labelled NARCHO LATUALO for 21 gold pieces
  3719 | Temple   | Entered the Ecumenical Temple
  4061 | D:6      | Found an iron altar of Okawaru.
  4076 | D:6      | Became a worshipper of Warmaster Okawaru
  4695 | D:7      | Found an ornate altar of the Wu Jian Council.
  4706 | D:7      | Noticed a two-headed ogre
  4896 | D:7      | Found a runed translucent door.
  4899 | D:7      | Noticed Crazy Yiuf
  4903 | D:7      | Killed Crazy Yiuf
  5130 | D:7      | Found an ancient bone altar of Kikubaaqudgha.
  5314 | D:7      | Identified Zangapir's Tome of Bewitching Dislocation
  5353 | D:7      | Reached skill level 1 in Invocations
  5581 | D:7      | Killed a two-headed ogre
  5581 | D:7      | Reached * piety under Okawaru
  5581 | D:7      | Reached ** piety under Okawaru
  5582 | D:7      | Reached skill level 10 in Staves
  5582 | D:7      | Reached XP level 10. HP: 60/60 MP: 9/11
  5684 | D:8      | Noticed a two-headed ogre
  5793 | D:8      | Noticed Maurice
  5954 | D:8      | Killed Maurice
  6078 | D:8      | Found a shimmering blue altar of Sif Muna.
  6258 | D:8      | Reached *** piety under Okawaru
  6279 | D:8      | Found a staircase to the Lair.
  6319 | D:8      | Found a bloodstained altar of Trog.
  6476 | D:8      | Reached skill level 11 in Staves
  6642 | D:8      | Killed a two-headed ogre
  6850 | D:9      | Reached skill level 5 in Invocations
  6923 | D:9      | Reached **** piety under Okawaru
  7058 | D:9      | Found a staircase to the Orcish Mines.
  7100 | D:9      | Found a snail-covered altar of Cheibriados.
  7103 | D:9      | Found a burning altar of Makhleb.
  7147 | D:9      | Found a radiant altar of Vehumet.
  7244 | D:9      | Reached skill level 5 in Throwing
  7244 | D:9      | Reached XP level 11. HP: 64/67 MP: 14/14
  7395 | D:9      | Noticed a fire dragon
  7397 | D:9      | Found a runed translucent door.
  7397 | D:9      | Noticed an ice dragon
  7398 | D:9      | Found the +2 shield of Resistance {rF++ rC++ Will++}
  7398 | D:9      | Noticed a fire dragon
  7398 | D:9      | Noticed an ice dragon
  7399 | D:9      | Found a runed translucent door.
  7532 | D:10     | Entered Level 10 of the Dungeon
  7736 | D:10     | Identified the +2 trident of Action {flame, rF+}
  7913 | D:10     | Reached ***** piety under Okawaru
  7914 | D:10     | Reached skill level 12 in Staves
  8209 | D:10     | Received a gift from Okawaru
  8351 | D:10     | Learned a level 1 spell: Sandblast
  8472 | Lair:1   | Entered Level 1 of the Lair of Beasts
  8514 | Lair:1   | Reached skill level 1 in Earth Magic
  8737 | Lair:1   | Reached skill level 1 in Spellcasting
  8871 | Lair:1   | Learned a level 4 spell: Petrify
  8914 | Lair:1   | Noticed a five-headed hydra
  9026 | Lair:1   | Learned a level 2 spell: Passwall
  9336 | Lair:1   | Received a gift from Okawaru
  9356 | Lair:1   | Reached skill level 1 in Transmutations
  9516 | Lair:1   | Found a blossoming altar of Fedhas.
  9518 | Lair:1   | Noticed an oklob plant
  9519 | Lair:1   | Noticed an oklob plant
  9583 | Lair:2   | Found a staircase to the Snake Pit.
  9637 | Lair:1   | Reached XP level 12. HP: 55/75 MP: 16/16
  9854 | Lair:2   | Found a runed translucent door.
  9908 | Lair:2   | Received a gift from Okawaru
 10097 | Lair:2   | Reached ****** piety under Okawaru
 10098 | Lair:2   | Reached skill level 13 in Staves
 10125 | Lair:2   | Received a gift from Okawaru
 10192 | Lair:2   | Noticed Vude's ghost (journeyman HOMo)
 10324 | Lair:2   | Found a staircase to the Swamp.
 11380 | Lair:3   | Noticed a five-headed hydra
 11388 | Lair:3   | Killed a five-headed hydra
 12297 | Lair:4   | Reached XP level 13. HP: 80/80 MP: 19/19
 12304 | Lair:4   | Learned a level 5 spell: Lee's Rapid Deconstruction
 12380 | Lair:4   | Reached skill level 5 in Earth Magic
 12563 | Lair:4   | Noticed Nergalle
 12573 | Lair:4   | Killed Nergalle
 12573 | Lair:4   | Received a gift from Okawaru
 13276 | Lair:1   | Identified the +1 helmet of Valour {Drain rPois Str-5
                  | Dex+8} (Okawaru gifted it to you on level 1 of the Lair of
                  | Beasts)
 13276 | Lair:1   | Received a gift from Okawaru
 13318 | Lair:1   | Reached skill level 10 in Fighting
 13584 | Lair:1   | Reached skill level 14 in Staves
 13584 | Lair:1   | Reached skill level 5 in Spellcasting
 13621 | Lair:1   | Killed from afar by an oklob plant

Illustrated notes

Levels and vault maps discovered:
D:1:      dpeg_arrival_chambers_temple_mockup, layout_rooms,
          chequers_ecumenical_altar_simple_redux
D:2:      layout_rooms, serial_shops, nicolae_shop_behind_doors, feat_on_display
D:3:      gammafunk_steamed_eel, layout_basic, evilmike_ruin_ashenzari,
          uniq_jessica
D:4:      layout_gridville, st_stairs_10, uniq_pikel, uniq_sigmund
D:5:      layout_rooms, temple_statues, serial_shops, nicolae_shop_trees,
          uniq_edmund
D:6:      layout_basic, kennysheep_okawaru_gauntlet, grunt_temple_overflow_open
D:7:      layout_basic, lemuel_crystal_altar, old_standard_altar,
          hangedman_decor_peaks_small, water_maze_lemuel,
          uniq_crazy_yiuf_cottage
D:8:      layout_basic, kennysheep_mini, nicolae_sif_muna_condensation,
          grunt_lair_entry_orc_guard_hut, uniq_maurice
D:9:      layout_roguey, nicolae_overflow_hidden_temple, vehumet_altar_wand_db,
          david_orc_3, grunt_ministairs_6, minmay_guarded_unrand_resistance
D:10:     layout_roguey
Temple:   dpeg_three_leaves_temple
Lair:1:   layout_small_grid, hangedman_tree_tricks, kennysheep_abandoned_house,
          grunt_megastairs_3, infiniplex_staircase_pool
Lair:2:   layout_cave_pods, swamp_mist, guppyfry_snake_entry_island,
          ebering_ghost_reflecting_pool, lemuel_fruit_tree
Lair:3:   layout_cave_pods
Lair:4:   layout_roguey, grunt_megastairs_2, uniq_nergalle

Skill      XL: |  1  2  3  4  5  6  7  8  9 10 11 12 13 |
---------------+----------------------------------------+-----
Staves         | 4 5 6 7 8 10 11 12 13 14 | 14.0
Armour         | 1 2 3 4 5 6 7 |  7.9
Fighting       | 3 4 5 7 8 9 10 | 10.0
Throwing       | 2 3 5 6 |  6.1
Stealth        | 1 2 3 4 |  4.4
Evocations     | 1 |  1.0
Invocations    | 2 5 6 |  6.2
Earth Magic    | 2 4 5 |  5.7
Spellcasting   | 2 4 5 |  5.0
Transmutations | 1 2 3 |  3.5
Dodging        | |  2.4

Action                   |  1- 3 |  4- 6 |  7- 9 | 10-12 | 13-15 || total
-------------------------+-------+-------+-------+-------+-------++-------
Melee: Quarterstaff      |   115 |    79 |   342 |  1333 |   173 ||  2042
Throw: Dart              |       |     8 |    39 |    15 |    12 ||    74
       Javelin           |       |       |     5 |       |     5 ||    10
       Boomerang         |       |       |       |    48 |     4 ||    52
 Cast: Petrify           |       |       |       |       |     1 ||     1
Invok: Heroism           |       |       |       |     2 |       ||     2
       Finesse           |       |       |       |     1 |       ||     1
Evoke: Wand              |       |       |     5 |       |       ||     5
  Use: Scroll            |       |       |       |     7 |       ||     7
 Stab: Sleeping          |       |       |     1 |     6 |       ||     7
Armor: Leather armour    |    53 |       |       |       |       ||    53
       Ring mail         |       |    47 |   187 |   275 |       ||   509
       Troll leather arm |       |       |       |   197 |    54 ||   251
Dodge: Dodged            |    89 |    50 |   170 |   474 |    57 ||   840

Table legend: (Time is in decaauts)
 A = Elapsed time spent in this place.
 B = Non-inter-level travel time spent in this place.
 C = Inter-level travel time spent in this place.
 D = Time resting spent in this place.
 E = Time spent auto-exploring this place.
 F = Levels seen in this place.
 G = Mean time per level.
                   A        B        C        D        E       F      G
               +--------+--------+--------+--------+--------+-----+--------+
         Total |  13039 |  12333 |    706 |    131 |   7872 |  15 |  869.3 |
       Dungeon |   8217 |   7713 |    504 |     51 |   4768 |  10 |  821.7 |
        Temple |     83 |     83 |      0 |      0 |     65 |   1 |   83.0 |
          Lair |   4737 |   4535 |    202 |     80 |   3039 |   4 | 1184.2 |
               +--------+--------+--------+--------+--------+-----+--------+

Top non-repeatable levels by time:
  Lair:1: 1492 daAuts
     D:6: 1403 daAuts
  Lair:2: 1243 daAuts
  Lair:3: 1104 daAuts
     D:7: 1085 daAuts
     D:8: 994 daAuts
  Lair:4: 898 daAuts
     D:3: 862 daAuts
    D:10: 831 daAuts
     D:9: 719 daAuts
     D:1: 654 daAuts
     D:2: 606 daAuts
     D:4: 553 daAuts
     D:5: 506 daAuts
  Temple: 83 daAuts
